 Dungeon Crawl Stone Soup version 0.17-a0-1337-ge651487 (webtiles) character file.

29205 Multipenetrator the Pandemonic (level 13, -4/112 HPs)
             Began as a Yellow Draconian Conjurer on June 6, 2015.
             Was a High Priest of Makhleb.
             Impaled on a porcupine's spines (9 damage)
             ... on level 1 of the Lair of Beasts on June 11, 2015.
             The game lasted 09:41:18 (20046 turns).

Multipenetrator the Pandemonic (DrCj)              Turns: 20046, Time: 09:41:18

Health: -4/112     AC: 12    Str: 14    XL:     13   Next: 13%
Magic:  21/26      EV: 13    Int: 20    God:    Makhleb [*****.]
Gold:   911        SH:  0    Dex: 15    Spells: 7 memorised, 8 levels left

rFire  . . .     SeeInvis .     D - +2 short sword (venom)
rCold  . . .     Clarity  .     (armour unavailable)
rNeg   . . .     SustAt   .     (no shield)
rPois  +         Gourm    .     (helmet restricted)
rElec  .         Spirit   .     B - +0 cloak
rCorr  +         Warding  .     U - +2 pair of gloves
rMut   .         Stasis   .     (no boots)
MR     .....                    (no amulet)
Stlth  ++........               X - ring of wizardry
                                i - +4 ring of intelligence

@: very slightly contaminated, very heavily drained, not resistant to hostile
enchantments, unstealthy
A: spit acid, acid resistance, unfitting armour, fangs 1, horns 1, sense
surroundings 1, poison resistance, robust 1, strong 1, cold-blooded, AC +8
a: Spit Acid, Minor Destruction, Lesser Servant of Makhleb, Major Destruction,
Greater Servant of Makhleb, Renounce Religion


You were on level 1 of the Lair of Beasts.
You worshipped Makhleb.
Makhleb was extremely pleased with you.
You were near starving.

You visited 3 branches of the dungeon, and saw 19 of its levels.

You collected 1986 gold pieces.
You spent 1027 gold pieces at shops.

Inventory:

Hand weapons
 v - a +1 whip of electrocution
 D - a +2 short sword of venom (weapon)
Armour
 B - a +0 cloak (worn)
 U - a +2 pair of gloves (worn)
Jewellery
 i - a +4 ring of intelligence (left hand)
 E - the amulet of Cekugob {Ward -Tele rElec rPois rN++ AC+1 EV+1}
   (You bought it in a shop on level 4 of the Orcish Mines)

   [amulet of warding]

   It may prevent the melee attacks of summoned creatures.
   It affects your AC (+1).
   It affects your evasion (+1).
   It insulates you from electricity.
   It protects you from poison.
   It greatly protects you from negative energy.
   It prevents most forms of teleportation.
 J - an uncursed ring of invisibility
 M - an uncursed ring of teleportation
 T - an uncursed amulet of clarity
 X - a ring of wizardry (right hand)
Magical devices
 a - a wand of disintegration (12)
 c - a wand of fire (1)
 p - a wand of confusion (20)
 P - a wand of paralysis (7)
 W - a wand of random effects (12)
Scrolls
 d - 6 scrolls of fog
 e - a scroll of blinking
 k - 5 scrolls of remove curse
 n - a scroll of silence {unknown}
 A - a scroll of brand weapon {unknown}
 F - 6 scrolls of teleportation
 L - 4 scrolls of recharging
 O - 2 scrolls of immolation {unknown}
 S - a scroll of magic mapping
 V - 2 scrolls of amnesia {unknown}
Potions
 h - 2 potions of curing
 j - a potion of mutation {unknown}
 o - 2 potions of might
 t - a potion of brilliance {unknown}
 u - 3 potions of magic
 w - 4 potions of agility
 x - a potion of berserk rage {unknown}
 N - a potion of cancellation {unknown}
 Q - 2 potions of flight
 R - 2 potions of haste
 Y - 3 potions of heal wounds {unknown}
 Z - a potion of resistance
Miscellaneous
 m - a plain deck of summoning {drawn: 5}
 r - a lamp of fire (inert)
 C - a plain deck of wonders {drawn: 4}
Comestibles
 b - 11 bread rations
 g - 8 meat rations
 G - 10 fruits


   Skills:
 + Level 6.2(2.5) Fighting
 + Level 7.2(3.3) Dodging
 + Level 6.0(2.2) Stealth
 * Level 9.6(5.5) Spellcasting
 * Level 10.0(5.8) Conjurations
 + Level 2.0(0.0) Hexes
 * Level 4.4(0.9) Charms
 * Level 3.2(0.0) Fire Magic
 + Level 13.2(8.7) Invocations
 + Level 1.1(0.0) Evocations


You had 8 spell levels left.
You knew the following spells:

 Your Spells              Type           Power        Failure   Level  Hunger
a - Magic Dart            Conj           ####         1%          1    None
b - Searing Ray           Conj           ####..       1%          2    None
c - Dazzling Spray        Conj/Hex       ###.....     4%          3    ##.....
d - Iskenderun's Mystic   Conj           ####....     4%          4    ####...
e - Iskenderun's Battles  Conj/Chrm      ###.....     47%         5    #####..
f - Fireball              Conj/Fire      ###.......   58%         5    #####..
g - Ignite Poison         Fire/Trmt/Pois #.......     16%         3    ##.....


Dungeon Overview and Level Annotations

Branches:
Dungeon (13/15)            Temple (0/1) D:7            Lair (2/8) D:9
    Orc (4/4) D:11            Elf (0/3) Orc:3        Vaults (0/5) D:13

Altars:
Ashenzari
Cheibriados
Fedhas
Makhleb
Okawaru
Sif Muna
Xom
Zin
Beogh

Shops:
D:13 [   Orc:4 [=?

Annotations:
D:4 Baka's ghost, average OgBe
Lair:1 Nergalle


Innate Abilities, Weirdness & Mutations

You can spit globs of acid.
You are resistant to acid.
Your golden yellow scales are hard (AC +8).
Your body does not fit into most forms of armour.
You are cold-blooded and may be slowed by cold attacks.
You have very sharp teeth.
You have a pair of small horns on your head.
You passively map a small area around you.
Your system is resistant to poisons.
You are robust (+10% HP).
Your muscles are strong. (Str +2)


Message History

Confirm with . or Enter, or press ? or * to list all spells.
Aiming: Dazzling Spray
Press: ? - help, Shift-Dir - straight line, f - porcupine
Aim: a porcupine (moderately wounded, poisoned)
The spray of energy hits the porcupine.
The porcupine is severely wounded.
The spray of energy hits the yak.
The yak is lightly wounded.
The yak is dazzled.
The porcupine barely misses you.
You closely miss the porcupine. Your headbutt misses the porcupine.
Your bite misses the porcupine.
The porcupine is severely wounded.
The porcupine bites you.
* * * LOW HITPOINT WARNING * * *
Use which ability? (? or * to list)
A demon appears!
You are near starving!
The porcupine completely misses you.
You are struck by the porcupine's spines.
You die...

#P.##...#...##. , , ..#.
.##..#.....#.##. , ,Y.
#.#.##.#..#....#.#.##.
......#....#.....#.......#..
*,,#...#...#................##.
#...Y...........P#...#...##. ##.
#...#...#.Y.....##...#...##.
P..#.........r..2..##...#.#....
*#..#.P.#...#..@>...#......#.##.
#..#.......#.....#..#.#...#.##.
#....#.....#....##.##...#...##.
#....#..........##.#......#..#.
#....#...#......##....#.#..:##.
#........#.#....##.##...#.#.#..
##..........#....##.##..........
#.........#.P.......#P.#.#.#....
#.......#........#..##.#.#.#.#..


You could see 2 yaks, a porcupine and a friendly balrug.

Vanquished Creatures
  Snorg (D:13)
  A centaur warrior (D:13)
  Pikel (D:5)
  A hill giant (D:12)
  A phantasmal warrior (D:13)
  2 unseen horrors
  3 ugly things
  An orc sorcerer (Orc:4)
  A cyclops (D:13)
  Joseph (D:9)
  2 spiny frogs (Lair:1)
  A gargoyle (D:13)
  2 centaur skeletons (D:12)
  3 trolls
  Prince Ribbit (D:6)
  3 slime creatures
  A two-headed ogre (D:9)
  A deep elf mage (D:13)
  4 blink frogs (Lair:1)
  10 yaks (Lair:1)
  A wyvern (D:12)
  A basilisk (shapeshifter) (D:13)
  A hungry ghost (D:12)
  A wraith (D:13)
  A hippogriff (D:10)
  A steam dragon (D:10)
  A porcupine (Lair:1)
  2 wargs
  Duvessa (D:4)
  5 sky beasts
  A slave (D:5)
  10 orc warriors
  A black bear (D:12)
  5 ice beasts
  7 phantoms
  A necrophage (D:12)
  3 centaurs
  2 crocodiles (D:12)
  7 ogres
  2 big kobolds
  6 giant frogs
  Dowan (D:4)
  4 scorpions
  A giant frog zombie (D:5)
  3 electric eels
  2 centaur zombies (D:10)
  6 crimson imps
  9 hounds
  4 jellies
  22 orc priests
  Ijyb (D:2)
  6 worker ants
  A giant frog skeleton (D:12)
  28 orc wizards
  4 iguanas
  2 killer bee zombies
  A hound skeleton (D:8)
  A hound zombie (D:9)
  Robin (D:4)
  9 gnolls
  8 adders
  8 river rats (Lair:1)
  3 shadow imps
  2 oozes
  2 worms (D:2)
  2 giant geckos
  102 orcs
  2 ball pythons
  2 bat skeletons
  4 giant cockroaches
  25 goblins
  18 hobgoblins
  3 quokkas
  A ball python skeleton (D:4)
  15 bats
  4 giant newts
  22 jackals
  A jackal skeleton (D:8)
  21 kobolds
  A quokka skeleton (D:9)
  12 rats
  3 fungi (Lair:1)
  A plant (Lair:1)
469 creatures vanquished.

Vanquished Creatures (collateral kills)
  A fire giant (D:12)
  An orc warlord (Orc:2)
  A centaur warrior (D:13)
  A hydra (D:12)
  3 orc high priests (Orc:4)
  An iron troll (D:13)
  An unseen horror (D:12)
  6 orc knights
  A hill giant (D:11)
  A griffon (D:13)
  4 orc sorcerers (Orc:4)
  A water nymph (shapeshifter) (D:12)
  An ugly thing (D:11)
  A gargoyle (D:12)
  Psyche (D:10)
  2 slime creatures (D:13)
  A deep elf mage (D:11)
  2 shadows
  A hippogriff (D:10)
  A deep elf fighter (D:12)
  2 wargs (D:9)
  2 vampire mosquitoes (D:11)
  13 orc warriors
  5 ice beasts (D:11)
  A black bear (D:12)
  A sky beast (D:10)
  2 ogres
  2 giant frogs (D:12)
  3 centaurs
  A scorpion (D:11)
  4 killer bees (D:11)
  An electric eel (D:11)
  2 quasits (D:9)
  15 orc priests
  A crimson imp (D:11)
  A giant frog skeleton (D:12)
  13 orc wizards
  An iguana (D:12)
  A giant frog simulacrum (D:12)
  A gnoll (D:9)
  An adder (D:12)
  2 shadow imps
  49 orcs
  A kobold (D:12)
  A rat (D:11)
158 creatures vanquished.

Vanquished Creatures (others)
  A slime creature (D:13)
  An orc warrior (D:6)
  An orc priest (D:6)
  An iguana (D:6)
  3 orcs
  A hobgoblin (D:11)
8 creatures vanquished.

Grand Total: 635 creatures vanquished

Notes
Turn   | Place    | Note
--------------------------------------------------------------
     0 | D:1      | Multipenetrator the Draconian Conjurer began the quest for the Orb.
     0 | D:1      | Reached XP level 1. HP: 14/14 MP: 3/3
   665 | D:1      | Reached XP level 2. HP: 22/22 MP: 3/5
   669 | D:1      | Learned a level 2 spell: Searing Ray
   866 | D:1      | You fall through a shaft!
  1099 | D:2      | Reached skill level 1 in Fighting
  1259 | D:2      | Reached XP level 3. HP: 28/28 MP: 1/7
  1711 | D:1      | Learned a level 3 spell: Dazzling Spray
  2194 | D:2      | Noticed Ijyb
  2222 | D:2      | Killed Ijyb
  2222 | D:2      | Reached XP level 4. HP: 25/35 MP: 2/8
  2569 | D:2      | Found a glowing silver altar of Zin.
  2569 | D:2      | Found a shattered altar of Ashenzari.
  2571 | D:2      | Found a burning altar of Makhleb.
  2578 | D:2      | Became a worshipper of Makhleb the Destroyer
  3128 | D:3      | Acquired Makhleb's first power
  3190 | D:3      | Reached XP level 5. HP: 36/41 MP: 10/10
  4042 | D:4      | Noticed Robin
  4166 | D:4      | Killed Robin
  4276 | D:4      | Acquired Makhleb's second power
  4291 | D:4      | Gained mutation: Your muscles are strong. (Str +2) [helix card]
  4322 | D:4      | Found a deep blue altar of Sif Muna.
  4354 | D:4      | Noticed Duvessa
  4354 | D:4      | Noticed Dowan
  4371 | D:4      | Killed Duvessa
  4371 | D:4      | Reached skill level 5 in Conjurations
  4371 | D:4      | Reached skill level 1 in Invocations
  4371 | D:4      | Reached XP level 6. HP: 39/48 MP: 0/12
  4375 | D:4      | Killed Dowan
  4509 | D:4      | Noticed Baka's ghost (average OgBe)
  4732 | D:3      | Learned a level 4 spell: Iskenderun's Mystic Blast
  4909 | D:4      | Found a shimmering altar of Xom.
  5007 | D:4      | Noticed a phantom
  5044 | D:4      | Killed a phantom
  5044 | D:4      | Your scales start taking on a golden yellow colour.
  5044 | D:4      | Reached XP level 7. HP: 27/57 MP: 2/14
  5140 | D:4      | Found an iron altar of Okawaru.
  5172 | D:5      | Entered Level 5 of the Dungeon
  5439 | D:5      | Acquired Makhleb's third power
  5473 | D:5      | Learned a level 5 spell: Iskenderun's Battlesphere
  5591 | D:5      | Identified the Grimoire of Blows and Bruises
  5599 | D:5      | Reached skill level 5 in Spellcasting
  6035 | D:6      | Noticed Pikel
  6112 | D:5      | Killed Pikel
  6112 | D:5      | Reached skill level 6 in Conjurations
  6112 | D:5      | Reached skill level 1 in Charms
  6112 | D:5      | Reached skill level 1 in Evocations
  6112 | D:5      | Reached XP level 8. HP: 23/66 MP: 2/16
  6717 | D:6      | Noticed Prince Ribbit
  6729 | D:6      | Killed Prince Ribbit
  6867 | D:6      | Found a snail-covered altar of Cheibriados.
  6888 | D:6      | Reached XP level 9. HP: 72/72 MP: 9/18
  6897 | D:6      | Noticed a hellwing
  7402 | D:7      | Reached skill level 5 in Invocations
  7469 | D:7      | Reached skill level 7 in Conjurations
  7474 | D:7      | Acquired Makhleb's fourth power
  7530 | D:7      | Reached skill level 5 in Fighting
  7791 | D:7      | Found a staircase to the Ecumenical Temple.
  7857 | D:8      | Reached skill level 5 in Stealth
  7923 | D:8      | Gained mutation: You have a pair of small horns on your head. [mutagenic meat]
  8046 | D:8      | Found a blossoming altar of Fedhas.
  8711 | D:8      | Acquired Makhleb's fifth power
  9126 | D:9      | Reached XP level 10. HP: 76/81 MP: 6/20
  9378 | D:9      | Noticed Joseph
  9396 | D:9      | Killed Joseph
  9396 | D:9      | Reached skill level 8 in Invocations
  9841 | D:9      | Reached skill level 9 in Invocations
  9854 | D:9      | Found a staircase to the Lair.
 10085 | D:10     | Entered Level 10 of the Dungeon
 10287 | D:10     | Gained mutation: You passively map a small area around you. [mutagenic meat]
 10310 | D:10     | Noticed Psyche
 10319 | D:10     | Killed Psyche
 10440 | D:10     | Killed an unseen horror
 10870 | D:11     | Found a staircase to the Orcish Mines.
 10892 | D:11     | Reached skill level 10 in Invocations
 11180 | D:11     | Found a roughly hewn altar of Beogh.
 11309 | D:11     | Noticed a white ugly thing
 11330 | D:11     | Killed a white ugly thing
 11342 | D:11     | Gained mutation: Your system is resistant to poisons. [mutagenic meat]
 11396 | D:11     | Reached XP level 11. HP: 41/89 MP: 22/22
 12252 | Orc:1    | Entered Level 1 of the Orcish Mines
 12884 | Orc:1    | Found a roughly hewn altar of Beogh.
 13480 | Orc:2    | Noticed an orc warlord
 13495 | Orc:2    | Killed an orc warlord
 13856 | Orc:3    | Found a staircase to the Elven Halls.
 13910 | Orc:4    | Entered Level 4 of the Orcish Mines
 14032 | Orc:4    | Reached skill level 5 in Dodging
 14546 | Orc:4    | Noticed an orc high priest
 14546 | Orc:4    | Noticed an orc high priest
 14546 | Orc:4    | Noticed an orc high priest
 14558 | Orc:4    | Found Sefitu's Antique Armour Emporium.
 14563 | Orc:4    | Reached skill level 11 in Invocations
 14571 | Orc:4    | Noticed a soul eater
 14572 | Orc:4    | Noticed a sun demon
 14574 | Orc:4    | Noticed a sun demon
 14577 | Orc:4    | Killed an orc high priest
 14578 | Orc:4    | Killed an orc high priest
 14583 | Orc:4    | Noticed an ice devil
 14607 | Orc:4    | Noticed an ice devil
 14607 | Orc:4    | Killed an orc high priest
 14656 | Orc:4    | Found Kuyfauc's Magic Scroll Boutique.
 14940 | Orc:4    | Found Osucini's Magic Scroll Boutique.
 14944 | Orc:4    | Found Nuahaquf's Jewellery Emporium.
 15022 | Orc:4    | Bought a scroll of fog for 22 gold pieces
 15022 | Orc:4    | Bought a scroll of teleportation for 33 gold pieces
 15022 | Orc:4    | Bought a scroll of identify for 22 gold pieces
 15022 | Orc:4    | Bought a scroll of magic mapping for 38 gold pieces
 15022 | Orc:4    | Bought a scroll of identify for 22 gold pieces
 15022 | Orc:4    | Bought a scroll of recharging for 104 gold pieces
 15022 | Orc:4    | Bought a scroll of remove curse for 33 gold pieces
 15033 | Orc:4    | Bought a scroll of teleportation for 45 gold pieces
 15033 | Orc:4    | Bought a scroll of fog for 30 gold pieces
 15033 | Orc:4    | Bought a scroll of teleportation for 45 gold pieces
 15033 | Orc:4    | Bought a scroll of identify for 30 gold pieces
 15040 | Orc:4    | Bought the amulet of Cekugob {Ward -Tele rElec rPois rN++ AC+1 EV+1} for 603 gold pieces
 15040 | Orc:4    | Gained mutation: You are robust (+10% HP). [potion of beneficial mutation]
 15175 | Orc:3    | Reached skill level 12 in Invocations
 15360 | D:11     | Noticed a hill giant
 15386 | D:11     | Killed a hill giant
 15464 | D:12     | Reached XP level 12. HP: 86/105 MP: 18/24
 15613 | D:12     | Upgraded the game from 0.17-a0-1262-gd250d98 to 0.17-a0-1301-ga863c44
 16106 | D:12     | Killed an unseen horror
 16177 | D:12     | Noticed a four-headed hydra
 16182 | D:12     | Killed a four-headed hydra
 16237 | D:12     | Noticed a hill giant
 16261 | D:12     | Killed a hill giant
 16391 | D:12     | Noticed a fire giant
 16400 | D:12     | Killed a fire giant
 16400 | D:12     | Reached skill level 1 in Hexes
 16639 | D:13     | Noticed a centaur warrior
 16656 | D:13     | Killed a centaur warrior
 16755 | D:13     | Noticed a centaur warrior
 16761 | D:13     | HP: 5/105 [centaur/arrow[a centaur warrior] (9)]
 16761 | D:13     | Killed a centaur warrior
 16905 | D:13     | Found Pisutiq's Antique Armour Shoppe.
 17055 | D:13     | Reached skill level 13 in Invocations
 17144 | D:13     | Gained mutation: You have very sharp teeth. [mutagenic meat]
 17159 | D:13     | Noticed a balrug
 17247 | D:13     | Upgraded the game from 0.17-a0-1301-ga863c44 to 0.17-a0-1337-ge651487
 17733 | D:13     | Noticed Snorg
 17789 | D:13     | Killed Snorg
 18023 | D:13     | Learned a level 5 spell: Fireball
 18146 | D:13     | Reached skill level 1 in Fire Magic
 18437 | D:13     | Found a gate to the Vaults.
 18830 | Lair:1   | Entered Level 1 of the Lair of Beasts
 19053 | Lair:1   | Noticed Nergalle
 19101 | Lair:1   | Reached XP level 13. HP: 82/112 MP: 22/26
 19110 | Lair:1   | Reached skill level 10 in Conjurations
 19243 | Lair:1   | Learned a level 3 spell: Ignite Poison
 20046 | Lair:1   | Impaled on a porcupine's spines

Vault maps used:
D:1:      roderic_chinese_lattice_arrival, st_stairs_8, minmay_bisected
D:2:      minmay_kobold_bridge, gammafunk_temple_overflow_claw,
          serial_co_window_serial, co_window_of_opportunity_a,
          co_window_cross_1, co_window_corner_a, co_window_paths_a,
          co_window_of_opportunity_a, co_window_of_opportunity_a,
          co_window_paths_a, co_window_corner_b, co_window_2corner,
          co_window_unsneaky_path_d, co_window_4corner_b, glass_columns_a,
          uniq_iyjb
D:4:      overflow_temple_1_default, lemuel_round_altar,
          lemuel_coloured_pillars_altar, minivault_25, amalloy_card_club,
          uniq_robin, uniq_duvessa
D:5:      first_bread, kennysheep_generic_room_6
D:6:      basic_altar, st_stairs_1, grunt_ministairs_12, minivault_14,
          uniq_prince_ribbit1, uniq_pikel
D:7:      temple_statues
D:8:      lemuel_doored_altar
D:9:      erik_lair_orcish_takeover, serial_glass, glass_columns_a,
          glass_columns_c, glass_columns_a, glass_columns_b, uniq_joseph
D:10:     uniq_psyche
D:11:     minmay_twisted_water, minmay_orc_entry_temple_small
D:12:     minmay_connected_boxes_in_corner, hangedman_stone_soup
D:13:     david_vaults_4, serial_shops, kennysheep_mini, uniq_snorg
Lair:1:   beast_lair_carwin_2, serial_bayou_shore_a, uniq_gastronok,
          uniq_nergalle
Orc:1:    basic_altar
Orc:3:    nicolae_orc_pool_cavern
Orc:4:    st_orc_elflike

Action                   |  1- 3 |  4- 6 |  7- 9 | 10-12 | 13-15 || total
-------------------------+-------+-------+-------+-------+-------++-------
Melee: Short sword       |    59 |    90 |   289 |   381 |   125 ||   944
       Unarmed           |     6 |       |       |       |       ||     6
       Dagger            |       |    53 |       |       |       ||    53
       Whip              |       |       |       |    89 |       ||    89
 Fire: Blowgun           |       |     7 |       |       |       ||     7
Throw: Throwing net      |       |       |     1 |       |       ||     1
 Cast: Magic Dart        |    34 |    31 |    30 |   138 |     7 ||   240
       Searing Ray       |     4 |    15 |     2 |    17 |     4 ||    42
       Dazzling Spray    |       |     7 |     4 |    56 |    11 ||    78
       Iskenderun's Myst |       |     2 |    25 |    41 |     1 ||    69
       Iskenderun's Batt |       |       |     3 |    27 |     4 ||    34
       Fireball          |       |       |       |     4 |     5 ||     9
       Ignite Poison     |       |       |       |       |     8 ||     8
Invok: Minor Destruction |       |    13 |     9 |    25 |       ||    47
       Lesser Servant of |       |       |     2 |    16 |       ||    18
       Major Destruction |       |       |     1 |     9 |       ||    10
       Greater Servant o |       |       |       |    20 |     1 ||    21
 Abil: Spit Acid         |       |       |    24 |    45 |     5 ||    74
Evoke: Deck              |       |     3 |       |     6 |       ||     9
       Wand              |       |     2 |       |     5 |     2 ||     9
       Lamp of fire      |       |       |       |     1 |       ||     1
  Use: Scroll            |       |     5 |     5 |    13 |     3 ||    26
       Potion            |       |       |       |     5 |     2 ||     7
 Stab: Sleeping          |     2 |     2 |    10 |     7 |       ||    21
       Invisible         |       |       |       |     9 |     1 ||    10
       Distracted        |       |       |       |     1 |       ||     1
  Eat: Chunk             |     4 |    10 |    21 |    51 |     3 ||    89
       Beef jerky        |       |       |     1 |     1 |       ||     2
       Pizza             |       |       |     1 |     1 |       ||     2
       Fruit             |       |       |       |     4 |       ||     4
       Royal jelly       |       |       |       |     2 |       ||     2
       Meat ration       |       |       |       |     1 |       ||     1
